 Dungeon Crawl Stone Soup version 0.24-a0-524-gf43b32f898 (webtiles) character file.

Game seed: 18298399607459499317

1576 Gargoyl the Skirmisher (level 8, -5/69 HPs)
             Began as a Centaur Abyssal Knight on July 30, 2019.
             Was a Priest of Lugonu.
             Slain by an orc warrior
             ... wielding a +0 hand axe
              (13 damage)
             ... on level 6 of the Dungeon on July 31, 2019.
             The game lasted 00:10:24 (6501 turns).

Gargoyl the Skirmisher (Centaur Abyssal Knight)     Turns: 6501, Time: 00:10:24

Health: -5/69      AC: 10    Str: 16    XL:     8   Next: 60%
Magic:  11/11      EV:  6    Int: 11    God:    Lugonu [***...]
Gold:   199        SH:  0    Dex: 17    Spells: 7/7 levels left

rFire    + . .     SeeInvis .   h - +1 halberd of the Sea {freeze, rElec rC- MR+ Dex+5}
rCold    . . .     Gourm    .   (shield currently unavailable)
rNeg     . . .     Faith    .   j - +1 chain mail (curse)
rPois    .         Spirit   .   (no helmet)
rElec    +         Reflect  .   d - scarf {rC+ rF+}
rCorr    .         Harm     .   f - +0 pair of gloves
MR       +....                  (no barding)
Stlth    ..........             (no amulet)
HPRegen  0.21/turn              t - +2 ring of dexterity
MPRegen  0.12/turn              (no ring)

@: very quick
A: large, hooves 3, deformed body, speed 2, tough skin 3
a: Depart the Abyss, Bend Space, Banish, Renounce Religion


You were on level 6 of the Dungeon.
You worshipped Lugonu.
Lugonu was most pleased with you.
You were not hungry.

You visited 1 branch of the dungeon, and saw 6 of its levels.
You visited the Abyss 1 time.
You also visited: Ossuary.

You collected 199 gold pieces.

Inventory:

Hand Weapons
 a - a +1 hand axe
 h - the +1 halberd of the Sea (weapon) {freeze, rElec rC- MR+ Dex+5}
   (You found it on level 5 of the Dungeon)

   It has been specially enchanted to freeze those struck by it, causing extra
   injury to most foes and up to half again as much damage against particularly
   susceptible opponents.
   It can also slow down cold-blooded creatures.
   It affects your dexterity (+5).
   It makes you vulnerable to cold.
   It insulates you from electricity.
   It affects your resistance to hostile enchantments.
 l - a +1 whip of venom
 o - a +0 war axe
Missiles
 b - 8 boomerangs (quivered)
Armour
 d - a scarf of resistance (worn)
 f - a +0 pair of gloves (worn)
 j - a cursed +1 chain mail (worn)
Jewellery
 t - a +2 ring of dexterity (left hand)
Wands
 r - a wand of acid (5)
 u - a wand of scattershot (7)
Scrolls
 g - a scroll of identify
 i - a scroll of fog
 k - 3 scrolls of teleportation
 n - a scroll of remove curse
 q - a scroll of fear
Potions
 e - a potion of flight
 m - a potion of curing
 v - a potion of magic {unknown}
 x - a potion of heal wounds {unknown}
 z - a potion of lignification {unknown}
Comestibles
 c - 9 rations


   Skills:
 + Level 5.5 Fighting
 + Level 4.1(4.5) Axes
 + Level 1.9(3.2) Maces & Flails
 + Level 1.5(3.0) Polearms
 * Level 4.6 Armour
 * Level 2.7 Dodging
 * Level 5.1 Invocations


You had 7 spell levels left.
You didn't know any spells.
Your spell library was empty.

Dungeon Overview and Level Annotations

Branches:
Dungeon (6/15)             Temple (0/1) D:6

Altars:
Makhleb
Qazlal
Trog
Uskayaw
Vehumet

Annotations:
D:3 3 runed translucent doors, Necrophagist's ghost, amateur GrFi


Innate Abilities, Weirdness & Mutations

You have hooves in place of feet.
Armour fits poorly on your strangely shaped body.
You cover ground very quickly.
You have extremely tough skin. (AC +3)


Message History

The orc priest hits you with a +0 mace.
* * * LOW HITPOINT WARNING * * *
The orc priest casts a cantrip, but nothing happens.
The orc warrior hits you with a +0 hand axe.
* * * LOW HITPOINT WARNING * * *
Unknown command.
You slash the orc priest! You freeze the orc priest.
You kill the orc priest!
Lugonu accepts your kill. The orc wizard barely misses you.
The orc warrior hits you with a +0 hand axe.
* * * LOW HITPOINT WARNING * * *
Attack whom?
Press: ? - help, Dir - move target cursor, f - orc priest
Aim: an orc priest, wielding a -3 whip The orc warrior is in the way.
You closely miss the orc warrior. Your kick misses the orc warrior.
The orc wizard hits you but does no damage.
The orc warrior hits you with a +0 hand axe!
You die...

## .# ###
###o#.....
#.@oo.#
###.#####
#...# #.###
#...# #.###
####.#
#####....#
#...#.#######


You could see an orc warrior, an orc priest and an orc wizard.

Vanquished Creatures
  A phantom (D:5)
  An eye of draining (Abyss:1)
  2 ogres (D:5)
  A necrophage (D:5)
  A centaur (D:5)
  2 bullfrogs (D:6)
  3 scorpions
  A bullfrog zombie (D:5)
  A hound (D:3)
  4 orc priests
  An iguana (D:6)
  2 jellies
  An orc wizard (D:2)
  A bullfrog skeleton (D:6)
  Ijyb (D:4)
  5 worker ants
  A hound skeleton (D:5)
  2 mummies (Ossuary)
  A howler monkey zombie (D:6)
  5 adders
  2 oozes
  3 dart slugs
  14 orcs
  9 bats
  A giant cockroach (D:4)
  11 hobgoblins
  14 jackals
  4 quokkas
  4 frilled lizards
  8 goblins
  A goblin zombie (Ossuary)
  8 kobolds
  A leopard gecko skeleton (D:4)
  A leopard gecko zombie (D:6)
  A quokka zombie (D:5)
  8 rats
  A rat zombie (D:5)
128 creatures vanquished.

Vanquished Creatures (others)
  A hornet (D:5)
1 creature vanquished.

Grand Total: 129 creatures vanquished

Notes
Turn   | Place    | Note
-------+----------+-------------------------------------------
     0 | Abyss:1  | Gargoyl the Centaur Abyssal Knight began the quest for the
                  | Orb.
     0 | Abyss:1  | Reached XP level 1. HP: 19/19 MP: 2/2
    33 | Abyss:1  | Noticed an eye of draining
    49 | Abyss:1  | Killed an eye of draining
    49 | Abyss:1  | Reached XP level 2. HP: 28/28 MP: 1/3
    49 | Abyss:1  | Reached XP level 3. HP: 34/34 MP: 1/4
    49 | Abyss:1  | Reached XP level 4. HP: 41/41 MP: 1/5
    56 | Abyss:1  | Noticed a cacodemon
    68 | Abyss:1  | Noticed a worldbinder
    70 | Abyss:1  | Noticed a spiny frog
    86 | D:1      | Escaped the Abyss
   109 | D:1      | Reached * piety under Lugonu
   161 | D:1      | Upgraded the game from 0.24-a0-521-g122614bf49 to
                  | 0.24-a0-524-gf43b32f898
  1267 | D:2      | Found a bloodstained altar of Trog.
  1341 | D:2      | Reached XP level 5. HP: 34/47 MP: 6/6
  1620 | D:2      | Reached skill level 1 in Dodging
  1625 | D:2      | Found a stormy altar of Qazlal.
  1629 | D:2      | Reached ** piety under Lugonu
  1668 | D:2      | You fall into a shaft and drop 1 floor!
  2009 | D:2      | Found a radiant altar of Vehumet.
  2575 | D:3      | Reached XP level 6. HP: 35/53 MP: 8/8
  2695 | D:3      | Found a runed translucent gate.
  2696 | D:3      | Found a runed translucent gate.
  2696 | D:3      | Found a runed translucent gate.
  2697 | D:3      | Noticed Necrophagist's ghost (amateur GrFi)
  2787 | D:3      | Found a burning altar of Makhleb.
  2981 | D:3      | Reached skill level 1 in Maces & Flails
  3637 | D:4      | Noticed Ijyb
  3661 | D:4      | Killed Ijyb
  4174 | D:5      | Entered Level 5 of the Dungeon
  4177 | D:5      | Reached *** piety under Lugonu
  4177 | D:5      | Reached XP level 7. HP: 56/60 MP: 9/9
  4260 | D:5      | HP: 2/60 [centaur (5)]
  4599 | D:5      | Found a sand-covered staircase.
  4607 | Ossuary  | Entered an ossuary
  5222 | D:5      | Noticed a hornet
  5259 | D:5      | Reached skill level 5 in Fighting
  5283 | D:5      | Reached XP level 8. HP: 18/68 MP: 11/11
  5590 | D:5      | Got a bloodstained halberd
  5591 | D:5      | Identified the cursed +1 halberd of the Sea {freeze, rElec
                  | rC- MR+ Dex+5} (You found it on level 5 of the Dungeon)
  5672 | D:5      | Paralysed by a hornet for 2 turns
  5674 | D:5      | Banished a hornet
  6033 | D:5      | Found a hide-covered altar of Uskayaw.
  6036 | D:5      | Noticed a +0 dagger
  6036 | D:5      | Noticed a +0 hand axe
  6330 | D:6      | Found a staircase to the Ecumenical Temple.
  6339 | D:6      | Reached skill level 5 in Invocations
  6372 | D:6      | Reached skill level 1 in Polearms
  6501 | D:6      | Slain by an orc warrior

Levels and vault maps discovered:
D:1:      minmay_arrival_split_and_join, layout_basic,
          chequers_serial_rivers_room_a
D:2:      layout_rooms, nicolae_overflow_crystal_walls, marbit_many_paths,
          vehumet_crystals
D:3:      layout_rooms, ebering_ghost_rock_garden, makhleb_heckhound_becter
D:4:      layout_cave_pools, uniq_ijyb
D:5:      layout_basic, dancing_weapons_uskayaw, enter_ossuary_4, first_ration
D:6:      layout_basic, kennysheep_mini, minmay_temple_entry_waves,
          uniq_menkaure

Skill      XL: |  1  2  3  4  5  6  7  8 |
---------------+-------------------------+-----
Fighting       | 4 5 |  5.5
Axes           | 2 3 4 |  4.1
Armour         | 2 3 4 |  4.6
Dodging        | 1 2 |  2.7
Maces & Flails | 1 |  1.9
Invocations    | 3 4 5 |  5.1
Polearms       | 1 |  1.5

Action                   |  1- 3 |  4- 6 |  7- 9 || total
-------------------------+-------+-------+-------++-------
Melee: Hand axe          |    16 |    40 |    65 ||   121
       Kick              |     4 |    51 |    42 ||    97
       Whip              |       |   197 |    24 ||   221
       Halberd           |       |       |    63 ||    63
Throw: Boomerang         |       |       |     1 ||     1
Invok: Depart the Abyss  |       |     1 |       ||     1
       Banish            |       |       |     3 ||     3
  Use: Scroll            |       |    11 |     2 ||    13
       Potion            |       |     1 |     6 ||     7
  Eat: Chunk             |       |     3 |     3 ||     6
       Ration            |       |     1 |     2 ||     3
Armor: Ring mail         |       |    92 |    30 ||   122
       Leather armour    |       |    14 |       ||    14
       Chain mail        |       |       |    39 ||    39
Dodge: Dodged            |       |   111 |    80 ||   191

Table legend:
 A = Non-vault XP
 B = Vault XP
 C = Vault XP percentage of total XP
 D = Non-vault monster count
 E = Vault monster count
 F = Vault count percentage of total count
                 A         B        C        D         E       F
            +---------+---------+-------+---------+---------+-------
      Total |    2132 |     120 |   5.3 |     121 |       8 |   6.2
            +---------+---------+-------+---------+---------+-------
        D:1 |      51 |       0 |   0.0 |      27 |       0 |   0.0
        D:2 |     116 |       2 |   1.7 |      15 |       1 |   6.2
        D:3 |     152 |      43 |  22.1 |      29 |       1 |   3.3
        D:4 |     204 |      36 |  15.0 |      10 |       1 |   9.1
        D:5 |    1069 |       2 |   0.2 |      26 |       2 |   7.1
        D:6 |     413 |       0 |   0.0 |      13 |       0 |   0.0
    Abyss:1 |     127 |       0 |   0.0 |       1 |       0 |   0.0
    Ossuary |       0 |      37 | 100.0 |       0 |       3 | 100.0
            +---------+---------+-------+---------+---------+-------
